Workbook
Name Constr: '25205'!$A$1
Name Constr: '25252'!$A$1
Name FOT: '25205'!$B$17
Name FOT: '25252'!$B$20
Name Ind: '25205'!$D$9
Name Ind: '25252'!$D$9
Name Obj: '25205'!#REF!
Name Obj: '25252'!#REF!
Name Obosn: '25205'!$B$15
Name Obosn: '25252'!$B$15
Name SmPr: '25205'!$B$16
Name SmPr: '25252'!$B$16
Name аааааппппппрррппппппп: #REF!
Name аараооооооооооооо: #REF!
Name автом: #REF!
Name алшрльоплварл: #REF!
Name аолвлддддддддддддддддввввввввв: #REF!
Name апарв: #REF!
Name апрлдджаоырыфрпопрлпрлпрлп: #REF!
Name арлггаджаш: #REF!
Name ароррбллтблпроорапииас: #REF!
Name арррррблллпдрлдддддддддд: #REF!
Name варпаааааааааа: #REF!
Name ввпьььььлднд: #REF!
Name вед: #REF!
Name вертикальная: #REF!
Name вертикплан: #REF!
Name волен: #REF!
Name вп: #REF!
Name впырпфдыпл: #REF!
Name впьглорьтитттттттттт: #REF!
Name всввввввввввввввввввввввввв: #REF!
Name выб: #REF!
Name выпуск: #REF!
Name выьлепвввввпмп: #REF!
Name еваопродолжэрщэрзшщщх: #REF!
Name измен: #REF!
Name итого: #REF!
Name итого_сантех: #REF!
Name итого_стр: #REF!
Name итого_строит: #REF!
Name итого_технол: #REF!
Name итого_электр: #REF!
Name квота: #REF!
Name кккккккккк: #REF!
Name корек: #REF!
Name корект: #REF!
Name корректир: #REF!
Name лен: #REF!
Name лот: #REF!
Name мамиааааааааааааааааааааааааааааа: #REF!
Name ммпоослччччччччччрччапппппппппр: #REF!
Name мрол: #REF!
Name оз: #REF!
Name озелен: #REF!
Name озеленение: #REF!
Name озеленение2: #REF!
Name ОСР: #REF!
Name ОСР110: #REF!
Name ОСР111: #REF!

Sheet 25205
A1: СОГЛАСОВАНО: | E1: ФГУП "Комбинат "Электрохимприбор" | M1: УТВЕРЖДАЮ:
G2: (наименование стройки) | M2: Зам. генерального директора
M3: Е.В.Гордеев
A4: _________________ | M4: _________________
A5: " _____ " ________________ 2014 г. | M5: "______ " __________2014 г.
G6: ЛОКАЛЬНЫЙ СМЕТНЫЙ РАСЧЕТ № 25205
G7: (локальная смета)
C9: на | D9: реконструкцию фасада г.Лесной М-Сибиряка, 3. Инв. № 4900006
E10: Раздел: Архитектурно-строительные решения.
H11: (наименование работ и затрат, наименование объекта)
D13: Основание: проект № 24811-14-АС
D14: Сметная стоимость _______________________________________________________________________________________________ | J14: ___________________________967,082 | L14: тыс. руб.
D15: строительных работ _______________________________________________________________________________________________ | J15: _______________________________________________________________________________________________963,025 | L15: тыс. руб.
D16: монтажных работ _______________________________________________________________________________________________ | J16: _______________________________________________________________________________________________4,057 | L16: тыс. руб.
D17: Средства на оплату труда _______________________________________________________________________________________________ | J17: ___________________________126,589 | L17: тыс. руб.
D18: Сметная трудоемкость _______________________________________________________________________________________________ | J18: _______________________________________________________________________________________________9213,05 | L18: чел.час
D19: Составлен(а) в базовых ценах 2001г. в редакции 2009г.
A21: № пп | B21: Обоснование | C21: Наименование | D21: Ед. изм. | E21: Кол. | F21: Стоимость единицы, руб. | J21: Общая стоимость, руб. | N21: Т/з осн. раб.на ед. | O21: Т/з осн. раб. Всего | P21: Т/з мех. на ед. | Q21: Т/з мех. Всего
F22: Всего | G22: В том числе | J22: Всего | K22: В том числе
G23: Осн.З/п | H23: Эк.Маш | I23: З/пМех | K23: Осн.З/п | L23: Эк.Маш | M23: З/пМех
A24: 1 | B24: 2 | C24: 3 | D24: 4 | E24: 5 | F24: 6 | G24: 7 | H24: 8 | I24: 9 | J24: 10 | K24: 11 | L24: 12 | M24: 13 | N24: 14 | O24: 15 | P24: 16 | Q24: 17
A25: 1 | B25: ТЕР15-01-064-01 | C25: Облицовка стен фасадов зданий искусственными плитами типа <ФАССТ> на металлическом каркасе | D25: 100 м2 | E25: 18.32 | F25: 29957.57 | G25: 3658.5 | H25: 130.54 | I25: 7.19 | J25: 548823 | K25: 67024 | L25: 2391 | M25: 132 | N25: 270 | O25: 4946.4 | P25: 0.46 | Q25: 8.43
A26: 2 | B26: Цена поставщика | C26: Лента ЕПДМ уплотнительная | D26: м | E26: 3664 | F26: 1,42 10/1.18/5,98 | J26: 5203
A27: 3 | B27: ФЕР26-01-036-01 | C27: Изоляция изделиями из волокнистых и зернистых материалов с креплением дюбелями холодных поверхностей: наружных стен КОЭФ. К ПОЗИЦИИ: Приведение расценок ФЕР к территориальному уровню (Письмо УРЦЦС Ц-297 от 12.04.2011) ОЗП=1,41; ЭМ=1,242; ЗПМ=1,41; МАТ=1,052 | D27: 100 м2 поверхности | E27: 18.32 | F27: 198.29 | G27: 186.59 | H27: 11.65 | I27: 0.58 | J27: 3633 | K27: 3418 | L27: 213 | M27: 11 | N27: 16.06 | O27: 294.22 | P27: 0.03 | Q27: 0.55
A28: 4 | B28: Цена поставщика | C28: Утеплитель плита LINEROCK Венти Оптимал | D28: м3 | E28: 91.6 | F28: 493,17 3480/1,18/5,98 | J28: 45174
A29: 5 | B29: ТСЦ-101-2930 | C29: Распорный дюбель, пластмассовый стержень для крепления тяжелых и легких термоизоляционных материалов, марка IZL, размер 10х120 мм | D29: шт. | E29: 9160 | F29: 1.18 | J29: 10809
A30: 6 | B30: ТЕР26-01-055-02 прим. | C30: Установка пароизоляционного слоя из мембраны Изоспан А | D30: 100 м2 | E30: 23.81 | F30: 645.88 | G30: 176.92 | H30: 27.29 | J30: 15378 | K30: 4212 | L30: 650 | N30: 14.36 | O30: 341.91
A31: 7 | B31: Цена поставщика | C31: Мембрана ветровлагозащитная Изоспан А | D31: м2 | E31: 2619 | F31: 3,54 25/1,18/5,98 | J31: 9271
A32: 8 | B32: ТЕР12-01-010-01 | C32: Устройство мелких покрытий (парапеты, свесы и т.п.) из листовой оцинкованной стали | D32: 100 м2 | E32: 0.913 | F32: 15322.3 | G32: 1354.13 | H32: 58.83 | I32: 3.64 | J32: 13989 | K32: 1236 | L32: 54 | M32: 3 | N32: 112.75 | O32: 102.94 | P32: 0.2 | Q32: 0.18
A33: 9 | B33: ТЕР08-07-001-01 | C33: Установка и разборка наружных инвентарных лесов высотой до 16 м трубчатых для кладки облицовки | D33: 100 м2 вертик. проекции | E33: 23.73 | F33: 973.75 | G33: 528.18 | H33: 7.64 | J33: 23107 | K33: 12534 | L33: 181 | N33: 43.4 | O33: 1029.88
A34: 10 | B34: ТЕР12-01-009-01 | C34: Устройство желобов настенных | D34: 100 м желобов | E34: 1.31 | F34: 7910.42 | G34: 1017.85 | H34: 559.04 | I34: 38.4 | J34: 10363 | K34: 1333 | L34: 732 | M34: 50 | N34: 84.75 | O34: 111.02 | P34: 2.11 | Q34: 2.76
A35: 11 | B35: Цена поставщика | C35: Дополнительные элементы: желоб водосточный оцинкованный белый, длиной 2000 мм | D35: шт. | E35: 66 | F35: 46,77 330/1,18/5,98 | J35: 3087
A36: 12 | B36: Цена поставщика | C36: Дополнительные элементы: заглушка | D36: шт. | E36: 8 | F36: 12,05 85/1,18/5,98 | J36: 96
A37: 13 | B37: Цена поставщика | C37: Дополнительные элементы: держатель желоба | D37: шт. | E37: 263 | F37: 18,42 130/1,18/5,98 | J37: 4844
A38: 14 | B38: Цена поставщика | C38: Дополнительные элементы: замок для желоба | D38: шт. | E38: 66 | F38: 13,46 95/1,18/5,98 | J38: 888
A39: 15 | B39: ТЕРр58-10-1 | C39: Установка прямых звеньев водосточных труб с земли, лестниц или подмостей | D39: 100 м | E39: 1.28 | F39: 458.55 | G39: 441.97 | H39: 14.19 | J39: 587 | K39: 566 | L39: 18 | N39: 36.8 | O39: 47.1
A40: 16 | B40: Цена поставщика | C40: Дополнительные элементы: водосточная труба L=2000мм | D40: шт. | E40: 64 | F40: 58,81 415/1,18/5,98 | J40: 3764
A41: 17 | B41: ФССЦ-101-5466 прим. | C41: Дополнительные элементы: трубный стык КОЭФ. К ПОЗИЦИИ: Приведение расценок ФЕР к территориальному уровню (Письмо УРЦЦС Ц-297 от 12.04.2011) ОЗП=1,41; ЭМ=1,242; ЗПМ=1,41; МАТ=1,052 | D41: шт. | E41: 112 | F41: 5.4 | J41: 605
A42: 18 | B42: Цена поставщика | C42: Дополнительные элементы кровли: хомут | D42: шт. | E42: 208 | F42: 15,59 110/1,18/5,98 | J42: 3243
A43: 19 | B43: ТЕРр58-10-3 | C43: Установка колен водосточных труб с земли, лестниц и подмостей | D43: 100 шт. | E43: 0.32 | F43: 778.08 | G43: 767.44 | H43: 8.73 | J43: 249 | K43: 246 | L43: 3 | N43: 63.9 | O43: 20.45
A44: 20 | B44: Цена поставщика | C44: Дополнительные элементы: колено | D44: шт. | E44: 32 | F44: 31,89 225/1,18/5,98 | J44: 1020
A45: 21 | B45: ТЕРр58-10-5 | C45: Установка отливов (отметов) водосточных труб | D45: 100 шт. | E45: 0.16 | F45: 648.37 | G45: 637.73 | H45: 8.73 | J45: 104 | K45: 102 | L45: 1 | N45: 53.1 | O45: 8.5
A46: 22 | B46: Цена поставщика | C46: Дополнительные элементы: отмет | D46: шт. | E46: 16 | F46: 33,3 235/1,18/5,98 | J46: 533
A47: 23 | B47: ТЕРр58-10-6 | C47: Установка воронок водосточных труб с земли, лестниц или подмостей | D47: 100 шт. | E47: 0.16 | F47: 648.37 | G47: 637.73 | H47: 8.73 | J47: 104 | K47: 102 | L47: 1 | N47: 53.1 | O47: 8.5
A48: 24 | B48: Цена поставщика | C48: Дополнительные элементы: воронка под желоб | D48: шт. | E48: 16 | F48: 39,68 280/1,18/5,98 | J48: 635
A49: 25 | B49: ТЕРм17-01-095-01 прим. | C49: Снятие: ворота шторные с приводом подъема (роллетная система входной группы и кассы) КОЭФ. К ПОЗИЦИИ: Демонтаж оборудования, которое подлежит дальнейшему использованию, без надобности хранения (перемещается в цеху на другое место установки и т.п.) ОЗП=0,6; ЭМ=0,6 к расх.; ЗПМ=0,6; МАТ=0 к расх.; ТЗ=0,6; ТЗМ=0,6 | D49: 1 шт. | E49: 1 | F49: 717.71 | G49: 500.06 | H49: 217.65 | I49: 13.21 | J49: 718 | K49: 500 | L49: 218 | M49: 13 | N49: 37.74 | O49: 37.74 | P49: 0.73 | Q49: 0.73
A50: 26 | B50: ТЕРм17-01-095-01 прим. | C50: Ворота шторные с приводом подъема (роллетная система входной группы и кассы) | D50: 1 шт. | E50: 1 | F50: 1280.45 | G50: 833.43 | H50: 362.75 | I50: 22.02 | J50: 1280 | K50: 833 | L50: 363 | M50: 22 | N50: 62.9 | O50: 62.9 | P50: 1.21 | Q50: 1.21
A51: Итого прямые затраты по смете в ценах 2001г. | J51: 707507 | K51: 92106 | L51: 4825 | M51: 231 | O51: 7011.56 | Q51: 13.86
A52: Итого прямые затраты по смете с учетом коэффициентов к итогам | J52: 755730 | K52: 126258 | L52: 6685 | M52: 331 | O52: 9213.05 | Q52: 19.08
A53: В том числе, справочно:
A54: Районный к-т 4,3% (Поз. 1, 3, 6, 8, 10, 9, 15, 19, 21, 23, 25-26) | J54: 3970 | K54: 3961 | L54: 10 | M54: 10
A55: При реконструкции зданий и сооружений работы, аналогичные технологическим процессам в новом строительстве ОЗП=1,15; ЭМ=1,25; ЗПМ=1,25; ТЗ=1,15; ТЗМ=1,25 (Поз. 1, 3, 6, 8, 10, 9) | J55: 15100 | K55: 14042 | L55: 1057 | M55: 51 | O55: 1023.9555 | Q55: 2.98
A56: Заготовительно-складские расходы на материалы - согласно п.4.64 из МДС 81-35.2004 МАТ=1,02 (Поз. 1-2, 4, 7, 11-14, 16, 18, 20, 22, 24, 3, 6, 5, 17, 8, 10, 9, 25-26) | J56: 12211
A57: 11.1 Ремонт фасадов ОЗП=1,15; ЭМ=1,15; ЗПМ=1,15; ТЗ=1,15; ТЗМ=1,15 (Поз. 1, 3, 6, 8, 10, 9) | J57: 16942 | K57: 16149 | L57: 793 | M57: 38 | O57: 1177.548 | Q57: 2.2365
A58: Накладные расходы | J58: 135285
A59: В том числе, справочно:
A60: 80% ФОТ (от 1427) (Поз. 25-26) | J60: 1142
A61: 83% ФОТ (от 1060) (Поз. 15, 19, 21, 23) | J61: 880
A62: 100% ФОТ (от 10541) (Поз. 3, 6) | J62: 10541
A63: 105% ФОТ (от 92650) (Поз. 1) | J63: 97283
A64: 120% ФОТ (от 3622) (Поз. 8, 10) | J64: 4346
A65: 122% ФОТ (от 17289) (Поз. 9) | J65: 21093
A66: Сметная прибыль | J66: 76067
A67: В том числе, справочно:
A68: 55% ФОТ (от 92650) (Поз. 1) | J68: 50958
A69: 60% ФОТ (от 1427) (Поз. 25-26) | J69: 856
A70: 65% ФОТ (от 4682) (Поз. 8, 10, 15, 19, 21, 23) | J70: 3043
A71: 70% ФОТ (от 10541) (Поз. 3, 6) | J71: 7379
A72: 80% ФОТ (от 17289) (Поз. 9) | J72: 13831
A73: Итоги по смете:
A74: Итого Строительные работы | J74: 963025 | O74: 9112.41 | Q74: 17.14
A75: Итого Монтажные работы | J75: 4057 | O75: 100.64 | Q75: 1.94
A76: Итого | J76: 967082 | O76: 9213.05 | Q76: 19.08
A77: В том числе:
A78: Материалы | J78: 622787
A79: Машины и механизмы | J79: 6685
A80: ФОТ | J80: 126589
A81: Накладные расходы | J81: 135285
A82: Сметная прибыль | J82: 76067
A83: ВСЕГО по смете | J83: 967082 | O83: 9213.05 | Q83: 19.08
B85: Начальник отд. 078 _________________________ Т.М.Ковязина | I85: Составил ведущий инженер __________________ В.В.Воронкова
I86: 17.02.14 г.

Sheet 25252
A1: СОГЛАСОВАНО: | E1: ФГУП "Комбинат "Электрохимприбор" | L1: УТВЕРЖДАЮ:
G2: (наименование стройки) | L2: Зам.генерального директора
A3: _________________ | M3: Е.В. Гордеев
A4: " _____ " ________________ 2014 г. | L4: __________________
L5: "______ " __________2014 г.
H7: ЛОКАЛЬНЫЙ СМЕТНЫЙ РАСЧЕТ № 25252
H8: (локальная смета)
C10: на | D10: реконструкцию фасада г.Лесной М-Сибиряка, 3. Инв. № 4900006
E11: Раздел:электрооборудование, электроосвещение
E12: (наименование работ и затрат, наименование объекта)
D14: Основание: Проект №24827-14-ЭМО
D15: Сметная стоимость _______________________________________________________________________________________________ | J15: ___________________________9,819 | L15: тыс. руб.
D16: строительных работ _______________________________________________________________________________________________ | J16: _______________________________________________________________________________________________0,318 | L16: тыс. руб.
D17: монтажных работ _______________________________________________________________________________________________ | J17: _______________________________________________________________________________________________9,501 | L17: тыс. руб.
D18: Средства на оплату труда _______________________________________________________________________________________________ | J18: ___________________________1,256 | L18: тыс. руб.
D19: Сметная трудоемкость _______________________________________________________________________________________________ | J19: _______________________________________________________________________________________________61,43 | L19: чел.час
D20: Материалы____________________________________________________ | K20: 5.247 | L20: тыс. руб.
D21: Составлен(а) в базовых ценах 2001г. в редакции 2009г.
A24: № пп | B24: Обоснование | C24: Наименование | D24: Ед. изм. | E24: Кол. | F24: Стоимость единицы, руб. | J24: Общая стоимость, руб. | N24: Т/з осн. раб.на ед. | O24: Т/з осн. раб. Всего | P24: Т/з мех. на ед. | Q24: Т/з мех. Всего
F25: Всего | G25: В том числе | J25: Всего | K25: В том числе
G26: Осн.З/п | H26: Эк.Маш | I26: З/пМех | K26: Осн.З/п | L26: Эк.Маш | M26: З/пМех
A27: 1 | B27: 2 | C27: 3 | D27: 4 | E27: 5 | F27: 6 | G27: 7 | H27: 8 | I27: 9 | J27: 10 | K27: 11 | L27: 12 | M27: 13 | N27: 14 | O27: 15 | P27: 16 | Q27: 17
A28: Раздел 1. Разборка конструкций
A29: 1 | B29: ТЕРр67-4-3 | C29: Демонтаж светильников с лампами накаливания | D29: 100 шт. | E29: 0.02 | F29: 70.67 | G29: 69.46 | H29: 1.21 | I29: 0.47 | J29: 1 | K29: 1 | N29: 6.32 | O29: 0.13 | P29: 0.03
A30: 2 | B30: ТЕРр67-3-1 | C30: Демонтаж кабеля | D30: 100 м | E30: 0.48 | F30: 106.34 | G30: 105.94 | H30: 0.4 | I30: 0.16 | J30: 51 | K30: 51 | N30: 9.64 | O30: 4.63 | P30: 0.01
A31: 3 | B31: ТЕРм08-03-545-01 | C31: Демонтаж коробки КОЭФ. К ПОЗИЦИИ: Демонтаж оборудования, которое не подлежит дальнейшему использованию (предназначено в лом) без разборки и резки ОЗП=0,3; ЭМ=0,3 к расх.; ЗПМ=0,3; МАТ=0 к расх.; ТЗ=0,3; ТЗМ=0,3 | D31: 1 шт. | E31: 1 | F31: 13.87 | G31: 13.16 | H31: 0.71 | J31: 14 | K31: 13 | L31: 1 | N31: 0.99 | O31: 0.99
A32: Раздел 2. Трубы
A33: 4 | B33: ТЕР46-03-002-06 | C33: Сверление кольцевыми алмазными сверлами в железобетонных конструкциях с применением охлаждающей жидкости (воды) горизонтальных отверстий глубиной 200 мм диаметром 50 мм | D33: 100 отверстий | E33: 0.02 | F33: 4167.46 | G33: 424.12 | H33: 1412.5 | I33: 399.73 | J33: 83 | K33: 8 | L33: 28 | M33: 8 | N33: 31.3 | O33: 0.63 | P33: 29.5 | Q33: 0.59
A34: 5 | B34: ТЕР46-03-002-22 | C34: На каждые 10 мм изменения глубины сверления добавляется или исключается к расценке 46-03-002-06 КОЭФ. К ПОЗИЦИИ: Поправка на глубину (толщина стены 510мм) ПЗ=31 (ОЗП=31; ЭМ=31 к расх.; ЗПМ=31; МАТ=31 к расх.; ТЗ=31; ТЗМ=31) | D34: 100 отверстий | E34: 0.02 | F34: 5759.8 | G34: 268.77 | H34: 1878.29 | I34: 617.52 | J34: 115 | K34: 5 | L34: 38 | M34: 12 | N34: 19.84 | O34: 0.4 | P34: 45.57 | Q34: 0.91
A35: 6 | B35: ТЕРм08-02-374-01 | C35: Устройство ввода в стальной трубе, провод сечением до 16 мм2, количество проводов в линии 2 | D35: 1 шт. | E35: 2 | F35: 499.66 | G35: 47.48 | H35: 437.69 | I35: 50.96 | J35: 999 | K35: 95 | L35: 875 | M35: 102 | N35: 3.21 | O35: 6.42 | P35: 2.8 | Q35: 5.6
A36: 7 | B36: ТСЦ-103-0004 | C36: Трубы стальные сварные водогазопроводные с резьбой черные легкие (неоцинкованные) диаметр условного прохода 32 мм, толщина стенки 2,8 мм | D36: м | E36: 2 | F36: 26.35 | J36: 53
A37: 8 | B37: ТЕРм08-02-155-01 | C37: Герметизация проходов при вводе кабелей в помещения уплотнительной массой | D37: 1 проход кабеля | E37: 2 | F37: 22.58 | G37: 6.37 | J37: 45 | K37: 13 | N37: 0.47 | O37: 0.94
A38: 9 | B38: ТЕРр69-4-1 | C38: Заделка отверстий в местах прохода трубопроводов в стенах и перегородках оштукатуренных | D38: 100 отверстий | E38: 0.02 | F38: 1343.1 | G38: 944.71 | H38: 2.02 | I38: 0.78 | J38: 27 | K38: 19 | N38: 78.66 | O38: 1.57 | P38: 0.05
A39: 10 | B39: ФССЦ-103-2405 | C39: Трубы гибкие гофрированные из самозатухающего ПВХ-пластиката (ГОСТ Р 50827-95) легкого типа, со стальной протяжкой (зондом), наружным диаметром 25 мм КОЭФ. К ПОЗИЦИИ: Приведение расценок ФЕР к территориальному уровню (Письмо УРЦЦС Ц-297 от 12.04.2011) ОЗП=1,41; ЭМ=1,242; ЗПМ=1,41; МАТ=1,052 | D39: м | E39: 26 | F39: 3.61 | J39: 94
A40: 11 | B40: ТЕРм08-02-409-01 | C40: Труба винипластовая по установленным конструкциям, по стенам и колоннам с креплением скобами, диаметр до 25 мм КОЭФ. К ПОЗИЦИИ: 1.8.3. При производстве работ на высоте св. 2 до 8 м ОЗП=1,05; ТЗ=1,05 | D40: 100 м | E40: 0.26 | F40: 2450.97 | G40: 331.12 | H40: 611.58 | I40: 248.83 | J40: 637 | K40: 86 | L40: 159 | M40: 65 | N40: 24.99 | O40: 6.5 | P40: 15.91 | Q40: 4.14
A41: 12 | B41: ФССЦ-509-1841 | C41: Кабель-канал (короб) "Legrand" 40х16 мм КОЭФ. К ПОЗИЦИИ: Приведение расценок ФЕР к территориальному уровню (Письмо УРЦЦС Ц-297 от 12.04.2011) ОЗП=1,41; ЭМ=1,242; ЗПМ=1,41; МАТ=1,052 | D41: м | E41: 2 | F41: 7.52 | J41: 15
A42: 13 | B42: ФЕРм08-02-390-01 | C42: Короба пластмассовые: шириной до 40 мм КОЭФ. К ПОЗИЦИИ: 1.8.3. При производстве работ на высоте св. 2 до 8 м ОЗП=1,05; ТЗ=1,05; Приведение расценок ФЕР к территориальному уровню (Письмо УРЦЦС Ц-297 от 12.04.2011) ОЗП=1,41; ЭМ=1,242; ЗПМ=1,41; МАТ=1,052 | D42: 100 м | E42: 0.02 | F42: 322.32 | G42: 229.36 | H42: 38.75 | I42: 0.17 | J42: 6 | K42: 5 | L42: 1 | N42: 17.1 | O42: 0.34 | P42: 0.01
A43: Раздел 3. Кабели
A44: 14 | B44: ФССЦ-501-8442 | C44: Кабель силовой с медными жилами с поливинилхлоридной изоляцией и оболочкой, не распространяющий горение марки ВВГнг, напряжением 0,66 кВ, с числом жил - 3 и сечением 1,5 мм2 КОЭФ. К ПОЗИЦИИ: Приведение расценок ФЕР к территориальному уровню (Письмо УРЦЦС Ц-297 от 12.04.2011) ОЗП=1,41; ЭМ=1,242; ЗПМ=1,41; МАТ=1,052 | D44: 1000 м | E44: 0.07 | F44: 3194.61 | J44: 224
A45: 15 | B45: ТЕРм08-02-401-01 | C45: Кабель двух-четырехжильный сечением жилы до 16 мм2 с креплением накладными скобами, полосками с установкой ответвительных коробок | D45: 100 м | E45: 0.32 | F45: 4032.86 | G45: 683.7 | H45: 957.86 | I45: 390.47 | J45: 1291 | K45: 219 | L45: 307 | M45: 125 | N45: 51.6 | O45: 16.51 | P45: 24.95 | Q45: 7.98
A46: 16 | B46: ТЕРм08-02-402-01 | C46: Кабель двух-четырехжильный по установленным конструкциям и лоткам с установкой ответвительных коробок в помещениях с нормальной средой сечением жилы до 10 мм2 | D46: 100 м | E46: 0.02 | F46: 1131.61 | G46: 202.73 | H46: 704.04 | I46: 87.33 | J46: 23 | K46: 4 | L46: 14 | M46: 2 | N46: 15.3 | O46: 0.31 | P46: 5.28 | Q46: 0.11
A47: 17 | B47: ТЕРм08-02-412-02 | C47: Затягивание провода в проложенные трубы и металлические рукава первого одножильного или многожильного в общей оплетке, суммарное сечение до 6 мм2 | D47: 100 м | E47: 0.36 | F47: 676.59 | G47: 89.31 | H47: 5.85 | I47: 0.36 | J47: 244 | K47: 32 | L47: 2 | N47: 6.74 | O47: 2.43 | P47: 0.02 | Q47: 0.01
A48: 18 | B48: Цена поставщика 2014г. | C48: Коробка распаячная для о/п белая (с контактной группой) 100х100х29мм | D48: шт. | E48: 1 | F48: 10,63 74,98/1,18/5,98 | J48: 11
A49: 19 | B49: ТЕРм08-02-472-06 Прим. | C49: Проводник заземляющий открыто по строительным основаниям из полосовой стали сечением 75 мм2 КОЭФ. К ПОЗИЦИИ: 1.8.3. При производстве работ на высоте св. 2 до 8 м ОЗП=1,05; ТЗ=1,05 | D49: 100 м | E49: 0.03 | F49: 1363.98 | G49: 264.34 | H49: 85.67 | I49: 3.46 | J49: 41 | K49: 8 | L49: 3 | N49: 19.95 | O49: 0.6 | P49: 0.19 | Q49: 0.01
A50: Раздел 4. Освещение
A51: 20 | B51: Цена поставщика 2014г. | C51: Фотореле ФР-12Т, 10А | D51: шт. | E51: 3 | F51: 48,75 344/1,18/5,98 | J51: 146
A52: 21 | B52: ТЕРм10-01-039-06 | C52: Реле, ключ, кнопка и др. с подготовкой места установки | D52: 1 шт. | E52: 3 | F52: 24.5 | G52: 24.02 | J52: 74 | K52: 72 | N52: 2 | O52: 6
A53: 22 | B53: ТСЦ-509-0678 | C53: Лампы газоразрядные высокого давления типа ДНаТ 250-5 | D53: 10 шт. | E53: 0.2 | F53: 952 | J53: 190
A54: 23 | B54: Цена поставщика 2014г. | C54: Светильник консольный для наружного освещения ALBATROS NTK 20 250 (Е40, 250Вт) | D54: шт. | E54: 2 | F54: 1272,2 8977.12/1.18/5.98 | J54: 2544
A55: 24 | B55: ТЕРм08-03-595-02 | C55: Светильник с ртутными лампами, включая установку ПРА, на кронштейнах на стенах, колоннах и фермах КОЭФ. К ПОЗИЦИИ: 1.8.3. При производстве работ на высоте св. 2 до 8 м ОЗП=1,05; ТЗ=1,05 | D55: 100 шт. | E55: 0.02 | F55: 24266.51 | G55: 4268.53 | H55: 3807.94 | I55: 1545.53 | J55: 485 | K55: 85 | L55: 76 | M55: 31 | N55: 305.55 | O55: 6.11 | P55: 98.63 | Q55: 1.97
A56: ИТОГИ ПО СМЕТЕ:
A57: Итого прямые затраты по смете в ценах 2001г. | J57: 7413 | K57: 716 | L57: 1504 | M57: 345 | O57: 54.51 | Q57: 21.32
A58: Итого прямые затраты по смете с учетом коэффициентов к итогам | J58: 7829 | K58: 845 | L58: 1737 | M58: 411 | O58: 61.43 | Q58: 24.29
A59: В том числе, справочно:
A60: Районный к-т 4,3% (Поз. 4-5, 9, 1-3, 6, 8, 11, 13, 15-17, 19, 24, 21) | J60: 47 | K60: 31 | L60: 15 | M60: 15
A61: Заготовительно-складские расходы на материалы - согласно п.4.64 из МДС 81-35.2004 МАТ=1,02 (Поз. 18, 20, 23) | J61: 54
A62: 4. Условия производства работ: ОЗП=1,15; ЭМ=1,15; ЗПМ=1,15; ТЗ=1,15; ТЗМ=1,15 (Поз. 6, 8, 11, 13, 15-17, 19, 24, 21) | J62: 315 | K62: 97 | L62: 218 | M62: 51 | O62: 6.924 | Q62: 2.973
A63: Накладные расходы | J63: 1178
A64: В том числе, справочно:
A65: 78% ФОТ (от 20) (Поз. 9) | J65: 16
A66: 80% ФОТ (от 86) (Поз. 21) | J66: 69
A67: 85% ФОТ (от 54) (Поз. 1-2) | J67: 46
A68: 95% ФОТ (от 1061) (Поз. 3, 6, 8, 11, 13, 15-17, 19, 24) | J68: 1008
A69: 110% ФОТ (от 35) (Поз. 4-5) | J69: 39
A70: Сметная прибыль | J70: 812
A71: В том числе, справочно:
A72: 50% ФОТ (от 20) (Поз. 9) | J72: 10
A73: 60% ФОТ (от 86) (Поз. 21) | J73: 52
A74: 65% ФОТ (от 1115) (Поз. 1-3, 6, 8, 11, 13, 15-17, 19, 24) | J74: 725
A75: 70% ФОТ (от 35) (Поз. 4-5) | J75: 25
A76: Итоги по смете:
A77: Итого Строительные работы | J77: 318 | O77: 2.6 | Q77: 1.5
A78: Итого Монтажные работы | J78: 9501 | O78: 58.83 | Q78: 22.79
A79: Итого | J79: 9819 | O79: 61.43 | Q79: 24.29
A80: В том числе:
A81: Материалы | J81: 5247
A82: Машины и механизмы | J82: 1326
A83: ФОТ | J83: 1256
A84: Накладные расходы | J84: 1178
A85: Сметная прибыль | J85: 812
A86: ВСЕГО по смете | J86: 9819 | O86: 61.43 | Q86: 24.29
B88: Примечание: материал от разборки, пригодный для дальнейшего использования, передается балансодержателю по акту.
B90: Начальник отд.078________________________Ковязина Т.М. | G90: Составил инженер-сметчик __________________ О.Н.Возжаева
G91: 13.02.14г.
G92: Проверил ведущий инженер__________________В.В.Воронкова

Sheet СМР
A1: Расчет начальной (максимальной) цены на
A2: выполнение строительно- монтажных работ по реконструкции фасада здания г.Лесной Мамина-Сибиряка, 3 (инв.№4900006).
A4: Наименование глав ССР, объектный сметных расчетов, локальных сметных расчетов, видов прочих работ | B4: Сметная стоимость строительства в базисном уровне цен на 01.01.2000г. по ССР | F4: Остаток сметной стоимости в базисном уровне цен на 01.01.2015 | J4: Сметная стоимость строительства в базисном уровне цен на 01.01.2000г., выставленная на конкурс | N4: Текущая стоимость на момент определения начальной (максимальной) цены | O4: № обосновывающего расчета | P4: 2015 год | S4: 2016 год
B5: Всего | C5: СМР | D5: Оборудование | E5: Прочие | F5: Всего | G5: СМР | H5: Оборудование | I5: Прочие | J5: Всего | K5: СМР | L5: Оборудование | M5: Прочие | P5: СМР | Q5: Оборудование | R5: Прочие | S5: СМР | T5: Оборудование | U5: Прочие
A6: 1 | B6: 2 | C6: 3 | D6: 4 | E6: 5 | F6: 6 | G6: 7 | H6: 8 | I6: 9 | J6: 10 | K6: 11 | L6: 12 | M6: 13 | N6: 14 | O6: 15 | P6: 19 | Q6: 20 | R6: 21 | S6: 19 | T6: 20 | U6: 21
A7: Архитектурно-строительные решения. | B7: =SUM(C7:E7) -> 967082 | C7: ='25205'!J74+'25205'!J75 -> 967082 | D7: 0 | E7: 0 | F7: =SUM(G7:I7) -> 967082 | G7: =C7 -> 967082 | H7: =D7 -> 0 | I7: =E7 -> 0 | J7: =SUM(K7:M7) -> 967082 | K7: =G7 -> 967082 | N7: =SUM(P7:U7) -> 6048924 | O7: 25205 (0154см2) | S7: =ROUND(K7*5.94*1.053,0) -> 6048924
A8: Электрооборудование, электроосвещение | B8: =SUM(C8:E8) -> 9819 | C8: ='25252'!J77+'25252'!J78 -> 9819 | D8: 0 | E8: 0 | F8: =SUM(G8:I8) -> 9819 | G8: =C8 -> 9819 | H8: =D8 -> 0 | I8: =E8 -> 0 | J8: =SUM(K8:M8) -> 9819 | K8: =G8 -> 9819 | N8: =SUM(P8:U8) -> 61416 | O8: 25252 (0154см1) | S8: =ROUND(K8*5.94*1.053,0) -> 61416
A9: Благоустройство территории здания Мимина-Сибиряка 3 (правое крыло). Инв. №4900006. Раздел: водоотвод и гидроизоляция. | B9: =SUM(C9:E9) -> 58332 | C9: 58332 | D9: 0 | E9: 0 | F9: =SUM(G9:I9) -> 58332 | G9: =C9 -> 58332 | J9: =SUM(K9:M9) -> 58332 | K9: =C9 -> 58332 | N9: =SUM(P9:U9) -> 364856 | O9: 25535 (178см110) | S9: =ROUND(K9*5.94*1.053,0) -> 364856
A10: Благоустройство территории здания Мимина-Сибиряка 3 (правое крыло). Инв. №4900006. | B10: =SUM(C10:E10) -> 180790 | C10: 180790 | D10: 0 | F10: =SUM(G10:I10) -> 180790 | G10: =C10 -> 180790 | J10: =SUM(K10:M10) -> 180790 | K10: =G10 -> 180790 | N10: =SUM(P10:U10) -> 1130809 | O10: 25539 (178см111) | S10: =ROUND(K10*5.94*1.053,0) -> 1130809
A11: Реконструкция шиферной кровли и замена деревянных окон на пластиковые, зд. ул. Мамина-Сибиряка №3 инв.№4900006 | B11: =SUM(C11:E11) -> 819701 | C11: 819701 | F11: =SUM(G11:I11) -> 819701 | G11: =C11 -> 819701 | J11: =SUM(K11:M11) -> 819701 | K11: =G11 -> 819701 | N11: =SUM(P11:U11) -> 4869024 | O11: 244гн-15 | P11: =ROUND(K11*5.94,0) -> 4869024
A12: Реконструкция фасада. г. Лесной, ул.Мамина-Сибиряка 3. Инв.№4900006. Раздел: электрооборудование, электроосвещение | B12: =SUM(C12:E12) -> 265 | E12: 265 | F12: =SUM(G12:I12) -> 265 | G12: =C12 -> 0 | I12: =E12 -> 265 | J12: =SUM(K12:M12) -> 265 | K12: =G12 -> 0 | M12: =E12 -> 265 | N12: =U12 -> 2902 | O12: 26043 (178см349) | U12: =ROUND(M12*10.4*1.053,0) -> 2902
A13: Итого в ценах 2000 года: | B13: =SUM(B7:B12) -> 2035989 | C13: =SUM(C7:C12) -> 2035724 | D13: =SUM(D7:D10) -> 0 | E13: =SUM(E12) -> 265 | F13: =SUM(F7:F12) -> 2035989 | G13: =SUM(G7:G12) -> 2035724 | I13: =SUM(I12) -> 265 | J13: =SUM(J7:J12) -> 2035989 | K13: =SUM(K7:K12) -> 2035724 | L13: =SUM(L7:L10) -> 0 | M13: =SUM(M12) -> 265 | N13: =SUM(P13:U13) -> 12477931 | P13: =SUM(P7:P11) -> 4869024 | S13: =SUM(S7:S11) -> 7606005 | U13: =SUM(U12) -> 2902
A14: НДС 18% | N14: =SUM(P14:U14) -> 2246027.6 | P14: =ROUND(P13*18%,2) -> 876424.32 | S14: =ROUND(S13*18%,2) -> 1369080.9 | U14: =ROUND(U13*18%,2) -> 522.36
A15: Всего: | N15: =SUM(P15:U15) -> 14723959 | P15: =SUM(P13:P14) -> 5745448.3 | S15: =SUM(S13:S14) -> 8975085.9 | U15: =SUM(U13:U14) -> 3424.36
A17: * В расчете использованы индексы:
A18: - 5,94 индекс изменения сметной стоимости СМР к ТЕР 2001 (письмо Минстроя России от 13.08.2015 года № 25760-ЮР/08 приложение 1, прочие объекты)
A19: - 10,40 индекс изменения сметной стоимости Прочих затрат к ТЕР 2001 (письмо Минстроя России от 13.08.2015 года № 25760-ЮР/08 приложение 1, пусконаладочные работы)
A20: ** В расчете использован индекс-дефлятор по инвестициям в основной капитал 2016/2015 - 1,053 по письму Госкорпорации "Росатом" от 09.09.2014 № 1-12.8/34083
A22: И.о. начальника отдела капитального строительства
A23: ФГУП "Комбинат "Электрохимприбор" | H23: С.С. Батаев
A25: Инженер по проектно-сметной работе | H25: Н.А. Басова
A27: Согласовано | H27: отд. 028

Sheet НМЦ договора
A5: Определение начальной (максимальной) цены договора генерального подряда
A6: на выполнение строительно- монтажных работ по реконструкции фасада здания г. Лесной Мамина-Сибиряка, 3 (инв.№4900006).
A7: на 2015, 2016 год
A9: Способ закупки: открытый запрос предложений
F10: ц.2000г./текущие цены, руб.
A11: Наименование услуг и работ (затрат) | C11: Сметная стоимость строительства в базисном уровне цен на 01.01.2000 г. | D11: Сметная стоимость строительства в текущем уровне цен, пресчитанная на момент проведения процедуры закупки | F11: Начальная (максимальная) цена | G11: в том числе по годам строительства | H11: в том числе по годам строительства
G14: 2015 г. | H14: 2016 г.
A18: 1 | C18: 2 | D18: 3 | F18: 4 | G18: 5 | H18: 5
A19: СМР | C19: =СМР!G13 -> 2035724 | D19: =СМР!P13+СМР!S13 -> 12475029 | F19: =D19 -> 12475029 | G19: =СМР!P13 -> 4869024 | H19: =СМР!S13 -> 7606005
A20: Оборудование | C20: 0 | D20: 0 | F20: =G20 -> 0 | G20: 0 | H20: 0
A21: Прочие затраты | C21: =СМР!I13 -> 265 | D21: =СМР!U13 -> 2902 | F21: =G21+H21 -> 2902 | G21: 0 | H21: =СМР!U13 -> 2902
A22: Всего: | C22: =SUM(C19:C21) -> 2035989 | D22: =SUM(D19:E21) -> 12477931 | F22: =SUM(F19:F21) -> 12477931 | G22: =SUM(G19:G21) -> 4869024 | H22: =SUM(H19:H21) -> 7608907
A23: НДС | D23: =СМР!P14+СМР!S14+СМР!U14 -> 2246027.6 | F23: =D23 -> 2246027.6 | G23: =СМР!P14 -> 876424.32 | H23: =СМР!S14+СМР!U14 -> 1369603.3
A24: Итого с НДС | D24: =SUM(D22:E23) -> 14723959 | F24: =SUM(F22:F23) -> 14723959 | G24: =SUM(G22:G23) -> 5745448.3 | H24: =SUM(H22:H23) -> 8978510.3
A26: В расчете использованы индексы:
A28: - 5,94 индекс изменения сметной стоимости СМР к ТЕР 2001 (письмо Минстроя России от 13.08.2015 года № 25760-ЮР/08 приложение 1, прочие объекты) - 10,40 индекс изменения сметной стоимости Прочих затрат к ТЕР 2001 (письмо Минстроя России от 13.08.2015 года № 25760-ЮР/08 приложение 1, пусконаладочные работы) ** В расчете использован индекс-дефлятор по инвестициям в основной капитал 2016/2015 - 1,053 по письму Госкорпорации "Росатом" от 09.09.2014 № 1-12.8/34083
A30: И.о. начальника отдела капитального строительства
A31: ФГУП "Комбинат "Электрохимприбор" | G31: С.С. Батаев
A33: Инженер по проектно-сметной работе | G33: Н.А. Басова
A35: Согласовано | G35: отд. 028

Sheet 25539
A1: СОГЛАСОВАНО: | E1: ФГУП "Комбинат "Электрохимприбор" | M1: УТВЕРЖДАЮ:
G2: (наименование стройки) | M2: Зам.генерального директора
A3: _________________ | N3: Е.В. Гордеев
A4: " _____ " ________________ 2014 г. | M4: __________________
M5: "______ " __________2014 г.
H7: ЛОКАЛЬНЫЙ СМЕТНЫЙ РАСЧЕТ №25539
H8: (локальная смета)
C10: на | D10: благоустройство территории Мамина-Сибиряка 3 (правое крыло). Инв.№4900006
H11: (наименование работ и затрат, наименование объекта)
D13: Основание: Проект №24949-14-ГП, изм.№52-14
D14: Сметная стоимость строительных работ _______________________________________________________________________________________________ | J14: ___________________________180,790 | L14: тыс. руб.
D15: Средства на оплату труда _______________________________________________________________________________________________ | J15: ___________________________11,553 | L15: тыс. руб.
D16: Сметная трудоемкость _______________________________________________________________________________________________ | J16: _______________________________________________________________________________________________627,02 | L16: чел.час
D17: Материалы________________________________________________134,414 | L17: тыс. руб.
D18: Составлен(а) в базовых ценах 2001г. в редакции 2009г.
A20: № пп | B20: Обосно- вание | C20: Наименование | D20: Ед. изм. | E20: Кол. | F20: Стоимость единицы, руб. | J20: Общая стоимость, руб. | N20: Т/з осн. раб.на ед. | O20: Т/з осн. раб. Всего | P20: Т/з мех. на ед. | Q20: Т/з мех. Всего
F21: Всего | G21: В том числе | J21: Всего | K21: В том числе
G22: Осн.З/п | H22: Эк.Маш | I22: З/пМех | K22: Осн.З/п | L22: Эк.Маш | M22: З/пМех
A23: 1 | B23: 2 | C23: 3 | D23: 4 | E23: 5 | F23: 6 | G23: 7 | H23: 8 | I23: 9 | J23: 10 | K23: 11 | L23: 12 | M23: 13 | N23: 14 | O23: 15 | P23: 16 | Q23: 17
A24: Раздел 1. Разборка конструкций
A25: 1 | B25: ТЕР27-03-010-02 | C25: Разборка бортовых камней на щебеночном основании (Демонтаж (разборка) сборных бетонных и железобетонных конструкций ОЗП=0,8; ЭМ=0,8 к расх.; ЗПМ=0,8; МАТ=0 к расх.; ТЗ=0,8; ТЗМ=0,8) | D25: 100 м | E25: 0,94 94/100 | F25: 510.31 | G25: 510.31 | J25: 480 | K25: 480 | N25: 45.2 | O25: 42.49
A26: 2 | B26: ТЕР27-03-008-04 | C26: Разборка покрытий и оснований асфальтобетонных (Демонтаж (разборка) сборных бетонных и железобетонных конструкций ОЗП=0,8; ЭМ=0,8 к расх.; ЗПМ=0,8; МАТ=0 к расх.; ТЗ=0,8; ТЗМ=0,8) | D26: 100 м3 конструкций | E26: 0,164 (328*0,05)/100 | F26: 7839 | G26: 1684.37 | H26: 6154.63 | I26: 573.48 | J26: 1286 | K26: 276 | L26: 1010 | M26: 94 | N26: 143.84 | O26: 23.59 | P26: 36.504 | Q26: 5.99
A27: 3 | B27: ТЕРр68-13-2 | C27: Разборка асфальтобетонных покрытий тротуаров толщиной до 4 см с помощью молотков отбойных пневматических | D27: 1000 м2 | E27: 0,058 (50+8)/1000 | F27: 3523.25 | G27: 676.37 | H27: 2846.88 | I27: 212.74 | J27: 204 | K27: 39 | L27: 165 | M27: 12 | N27: 57.76 | O27: 3.35 | P27: 15.7 | Q27: 0.91
A28: 4 | B28: ТЕРр68-3-4 | C28: Валка деревьев в городских условиях диаметром более 300 мм | D28: 1 складочный м3 кряжей | E28: 2,49 0,83*3 | F28: 103.59 | G28: 72.16 | H28: 31.43 | J28: 258 | K28: 180 | L28: 78 | N28: 6.11 | O28: 15.21
A29: 5 | B29: ФССЦпг01-01-01-041 | C29: Погрузочные работы при автомобильных перевозках: мусора строительного с погрузкой вручную (ОП п.1.1.9 Прил.1Поясной коэффициент:Свердловская область ПЗ=1,1 (ОЗП=1,1; ЭМ=1,1; ЗПМ=1,1; МАТ=1,1)) | D29: 1 т груза | E29: 48,6 (0,126*32*2,4)+(16,4+2,3)*2+2,5*0,6 | F29: 47.28 | G29: 47.28 | J29: 2298 | K29: 2298
A30: 6 | B30: ФССЦпг03-21-01-015 | C30: Перевозка грузов автомобилями-самосвалами грузоподъемностью 10 т, работающих вне карьера, на расстояние: до 15 км I класс груза (ОП п.1.1.9Поясные коэффициенты к сметным ценам на перевозку грузов автомобильным транспортом: Свердловская область ПЗ=1,1 (ОЗП=1,1; ЭМ=1,1; ЗПМ=1,1; МАТ=1,1)) | D30: 1 т груза | E30: 48,6 (0,126*32*2,4)+(16,4+2,3)*2+2,5*0,6 | F30: 14.72 | H30: 14.72 | J30: 715 | L30: 715
A31: Итого прямые затраты по разделу в ценах 2001г. | J31: 5241 | K31: 3273 | L31: 1968 | M31: 106 | O31: 84.64 | Q31: 6.9
A32: Итого прямые затраты по разделу с учетом коэффициентов к итогам | J32: 5728 | K32: 3566 | L32: 2162 | M32: 128 | O32: 97.33 | Q32: 7.94
A33: Накладные расходы | J33: 1736
A34: Сметная прибыль | J34: 1135
A35: Итого по разделу 1 Разборка конструкций | J35: 8599 | O35: 97.33 | Q35: 7.94
A36: Раздел 2. Устройство автодороги
A37: 7 | B37: ТЕР01-01-009-08 | C37: Разработка грунта в траншеях экскаватором «обратная лопата» с ковшом вместимостью 0,65 (0,5-1) м3, группа грунтов 2 | D37: 1000 м3 грунта | E37: 0,0228 22,8*1/1000 | F37: 4496.6 | H37: 4496.6 | I37: 472.91 | J37: 103 | L37: 103 | M37: 11 | P37: 27.95 | Q37: 0.64
A38: 8 | B38: ТЕР22-01-011-03 | C38: Укладка стальных водопроводных труб диаметром 100 мм | D38: 1 км трубопровода | E38: 0,181 181/1000 | F38: 102266.83 | G38: 5150.27 | H38: 4754.2 | I38: 605.7 | J38: 18510 | K38: 932 | L38: 861 | M38: 110 | N38: 353 | O38: 63.89 | P38: 41.26 | Q38: 7.47
A39: 9 | B39: ТЕР01-01-033-05 | C39: Засыпка траншей и котлованов с перемещением грунта до 5 м бульдозерами мощностью 79 кВт (108 л.с.), группа грунтов 2 | D39: 1000 м3 грунта | E39: 0,0225 22,5*1/1000 | F39: 445.76 | H39: 445.76 | I39: 70.73 | J39: 10 | L39: 10 | M39: 2 | P39: 4.18 | Q39: 0.09
A40: 10 | B40: ТЕРр66-22-1 | C40: Восстановление кладки горловин колодцев: снятие крышки и крепления обоймы; разборка кирпичной кладки горловины; новая кладка горловины из кирпича; установка и закрепление обоймы с заделкой обоймы бетоном и установкой крышки. 276,36 = 905,14 - 1 x 611,67 - 0,017 x 1 006,39 | D40: 1 люк | E40: 4 | F40: 276.36 | G40: 54.41 | H40: 10.92 | J40: 1105 | K40: 218 | L40: 44 | N40: 4.53 | O40: 18.12
A41: 11 | B41: ТСЦ-404-0005 | C41: Кирпич керамический одинарный, размером 250х120х65 мм, марка 100 | D41: 1000 шт. | E41: 0,076 0,019*4 | F41: 1006.39 | J41: 76
A42: 12 | B42: ТЕР27-04-006-01прим. | C42: Устройство оснований толщиной 15 см из щебня фракции 10-20 мм при укатке каменных материалов с пределом прочности на сжатие свыше 68,6 до 98,1 МПа (свыше 700 до 1000 кгс/см2) однослойных | D42: 1000 м2 основания | E42: 0,113 113/1000 | F42: 31210.59 | G42: 425.41 | H42: 4994.84 | I42: 695.53 | J42: 3527 | K42: 48 | L42: 564 | M42: 79 | N42: 36.96 | O42: 4.18 | P42: 41.95 | Q42: 4.74
A43: 13 | B43: ТЕР27-04-006-04 | C43: На каждый 1 см изменения толщины слоя добавлять или исключать к расценке 27-04-006-01 (Поправка на толщ., всего толщ.4см ПЗ=11 (ОЗП=11; ЭМ=11 к расх.; ЗПМ=11; МАТ=11 к расх.; ТЗ=11; ТЗМ=11)) | D43: 1000 м2 основания | E43: -0,113 -113/1000 | F43: 19966.98 | H43: 2737.57 | I43: 442.86 | J43: -2256 | L43: -309 | M43: -50 | P43: 27.61 | Q43: -3.12
A44: 14 | B44: ТЕР27-06-001-03 | C44: Устройство дорожных покрытий из сборных прямоугольных железобетонных плит площадью до 10,5 м2 | D44: 100 м3 | E44: 0,2025 25*0,81/100 | F44: 15092.14 | G44: 1848.64 | H44: 9786.17 | I44: 853.26 | J44: 3056 | K44: 374 | L44: 1982 | M44: 173 | N44: 139.52 | O44: 28.25 | P44: 49.84 | Q44: 10.09
A45: 15 | B45: ТСЦ-403-8368 Прим. | C45: Плиты дорожные ПД 1 /бетон В15 (М200), объем 0,81 м3, расход ар-ры 84,99 кг/ (серия 3.503-17 вып.1) | D45: шт. | E45: 25 | F45: 1688.34 | J45: 42209
A46: 16 | B46: ТЕР27-06-026-01 | C46: Розлив вяжущих материалов | D46: 1 т | E46: 0,09 0,8*113/1000 | F46: 2017.46 | H46: 46.53 | I46: 11.16 | J46: 182 | L46: 4 | M46: 1 | P46: 0.66 | Q46: 0.06
A47: 17 | B47: ТЕР27-02-010-02 | C47: Установка бортовых камней бетонных при других видах покрытий | D47: 100 м | E47: 1,1 (94+16)/100 | F47: 4479.96 | G47: 906.11 | H47: 91.05 | I47: 12.38 | J47: 4928 | K47: 997 | L47: 100 | M47: 14 | N47: 76.08 | O47: 83.69 | P47: 0.68 | Q47: 0.75
A48: 18 | B48: ТСЦ-403-8127 | C48: Камни бортовые БР 300.30.15 / бетон В30 (М400), объем 0,126 м3, расход арматуры 4,85 кг/ (ГОСТ 6665-91) | D48: шт. | E48: 32 | F48: 255.43 | J48: 8174
A49: 19 | B49: ТСЦ-403-8021 | C49: Камни бортовые БР 100.30.15 / бетон В30 (М400), объем 0,043 м3/ (ГОСТ 6665-91) | D49: шт. | E49: 16 | F49: 59.88 | J49: 958
A50: 20 | B50: ТЕР27-04-006-01 | C50: Устройство оснований толщиной 15 см из щебня фракции 40-70 мм при укатке каменных материалов с пределом прочности на сжатие свыше 68,6 до 98,1 МПа (свыше 700 до 1000 кгс/см2) однослойных | D50: 1000 м2 основания | E50: 0,067 67/1000 | F50: 31210.59 | G50: 425.41 | H50: 4994.84 | I50: 695.53 | J50: 2091 | K50: 29 | L50: 335 | M50: 47 | N50: 36.96 | O50: 2.48 | P50: 41.95 | Q50: 2.81
A51: 21 | B51: ТЕР27-04-006-04 | C51: На каждый 1 см изменения толщины слоя добавлять или исключать к расценке 27-04-006-01 (всего толщ.14см) | D51: 1000 м2 основания | E51: -0,067 -67/1000 | F51: 1815.18 | H51: 248.87 | I51: 40.26 | J51: -122 | L51: -17 | M51: -3 | P51: 2.51 | Q51: -0.17
A52: 22 | B52: ТЕР27-06-018-01 | C52: Устройство покрытия из черного щебня толщиной 6 см с плотностью каменных материалов 2,5-2,9 т/м3 (Поправка на толщину: всего толщ.8 см ПЗ=1,3 (ОЗП=1,3; ЭМ=1,3 к расх.; ЗПМ=1,3; МАТ=1,3 к расх.; ТЗ=1,3; ТЗМ=1,3)) | D52: 1000 м2 | E52: 0,067 67/1000 | F52: 79196.53 | G52: 953.13 | H52: 5808.96 | I52: 500.18 | J52: 5306 | K52: 64 | L52: 389 | M52: 34 | N52: 73.658 | O52: 4.94 | P52: 29.614 | Q52: 1.98
A53: 23 | B53: ТЕР27-06-029-01 | C53: Устройство покрытия толщиной 4 см из горячих асфальтобетонных смесей плотных мелкозернистых типа А,Б,В, плотность каменных материалов 2,5-2,9 т/м3 | D53: 1000 м2 покрытия | E53: 0,406 406/1000 | F53: 69552.77 | G53: 257 | H53: 9855.42 | I53: 388.25 | J53: 28238 | K53: 104 | L53: 4001 | M53: 158 | N53: 20.86 | O53: 8.47 | P53: 21.69 | Q53: 8.81
A54: 24 | B54: ТЕР27-06-030-01 | C54: При изменении толщины покрытия на 0,5 см добавлять или исключать к расценке 27-06-029-01 (Поправка на толщ., всего толщ.5см ПЗ=2 (ОЗП=2; ЭМ=2 к расх.; ЗПМ=2; МАТ=2 к расх.; ТЗ=2; ТЗМ=2)) | D54: 1000 м2 покрытия | E54: 0,406 406/1000 | F54: 15294.04 | G54: 9.28 | H54: 622.22 | I54: 16.54 | J54: 6209 | K54: 4 | L54: 253 | M54: 7 | N54: 0.7 | O54: 0.28 | P54: 0.94 | Q54: 0.38
A55: 25 | B55: ТЕР27-06-022-07 | C55: Одиночная поверхностная обработка усовершенствованных покрытий битумом с применением щебня | D55: 1000 м2 покрытия | E55: 0,406 406/1000 | F55: 5815.85 | G55: 200.81 | H55: 834.34 | I55: 112.19 | J55: 2361 | K55: 82 | L55: 339 | M55: 46 | N55: 16.72 | O55: 6.79 | P55: 6.58 | Q55: 2.67
A56: 26 | B56: ТЕР27-09-016-02 | C56: Разметка проезжей части краской сплошной линией шириной 0,2 м | D56: 1 км линии | E56: 0,0895 (52,5+37)/1000 | F56: 2401.48 | G56: 39.6 | H56: 223.82 | I56: 34.52 | J56: 215 | K56: 4 | L56: 20 | M56: 3 | N56: 3.66 | O56: 0.33 | P56: 2.04 | Q56: 0.18
A57: 27 | B57: ТЕР06-01-001-13 | C57: Устройство фундаментов-столбов бетонных под стойки знаков. | D57: 100 м3 | E57: 0,0021 0,07*3/100 | F57: 72650.77 | G57: 7185.1 | H57: 4805.24 | I57: 338.14 | J57: 153 | K57: 15 | L57: 10 | M57: 1 | N57: 598.26 | O57: 1.26 | P57: 18.62 | Q57: 0.04
A58: 28 | B58: ТЕР27-09-008-01 | C58: Установка дорожных знаков бесфундаментных на металлических стойках | D58: 100 знаков | E58: 0,03 3/100 | F58: 9186.78 | G58: 4381.25 | H58: 3005.64 | I58: 243.62 | J58: 276 | K58: 131 | L58: 90 | M58: 7 | N58: 364.8 | O58: 10.94 | P58: 14.28 | Q58: 0.43
A59: 29 | B59: ТСЦ-110-0243 | C59: Стойки металлические под дорожные знаки из круглых труб и гнутосварных профилей, массой до 0,01 т | D59: т | E59: 0,0252 8,4*3/1000 | F59: 17909.5 | J59: 451
A60: 30 | B60: П/л 26.09.2014г.лист 1-2 | C60: Знак дорожный 2.4 типоразмер II А=900мм, тип пленки Б | D60: шт. | E60: 1 | F60: 134,59 910/1,18/5,73 | J60: 135
A61: 31 | B61: П/л 26.09.2014г.лист 1-2 | C61: Знак дорожный 3.2 | D61: шт. | E61: 1 | F61: 146,42 990/1,18/5,73 | J61: 146
A62: 32 | B62: П/л 26.09.2014г.лист 3 | C62: Знак дорожный 6.4 | D62: шт. | E62: 1 | F62: 104,71 708/1,18/5,73 | J62: 105
A63: 33 | B63: ТСЦ-110-0132 Прим. | C63: Хомуты для крепления знака | D63: кг | E63: 1,5 0,5*3 | F63: 21.19 | J63: 32
A64: Итого прямые затраты по разделу в ценах 2001г. | J64: 126178 | K64: 3002 | L64: 8779 | M64: 640 | O64: 233.62 | Q64: 37.85
A65: Итого прямые затраты по разделу с учетом коэффициентов к итогам | J65: 128134 | K65: 3600 | L65: 10129 | M65: 768 | O65: 268.66 | Q65: 43.53
A66: Накладные расходы | J66: 5949
A67: Сметная прибыль | J67: 3991
A68: Итого по разделу 2 Устройство автодороги | J68: 138074 | O68: 268.66 | Q68: 43.53
A69: Раздел 3. Устройство тротуара и пешеходной дорожки
A70: 34 | B70: ТЕР01-01-030-02 | C70: Разработка грунта с перемещением до 10 м бульдозерами мощностью 59 кВт (80 л.с.), группа грунтов 2 (выемка) | D70: 1000 м3 грунта | E70: 0,1144 114,4/1000 | F70: 1173.29 | H70: 1173.29 | I70: 197.59 | J70: 134 | L70: 134 | M70: 23 | P70: 12.65 | Q70: 1.45
A71: 35 | B71: ТЕР01-01-030-02 | C71: Разработка грунта с перемещением до 10 м бульдозерами мощностью 59 кВт (80 л.с.), группа грунтов 2 (насыпь) | D71: 1000 м3 грунта | E71: 0,0643 64,3/1000 | F71: 1173.29 | H71: 1173.29 | I71: 197.59 | J71: 75 | L71: 75 | M71: 13 | P71: 12.65 | Q71: 0.81
A72: 36 | B72: ТЕР01-01-036-02 | C72: Планировка площадей бульдозерами мощностью 79 кВт (108 л.с.) | D72: 1000 м2 | E72: 0,168 168/1000 | F72: 26.66 | H72: 26.66 | I72: 4.23 | J72: 4 | L72: 4 | M72: 1 | P72: 0.25 | Q72: 0.04
A73: 37 | B73: ФССЦпг01-01-01-039 | C73: Погрузочные работы при автомобильных перевозках: грунта растительного слоя (ОП п.1.1.9 Прил.1Поясной коэффициент: Свердловская область ПЗ=1,1 (ОЗП=1,1; ЭМ=1,1; ЗПМ=1,1; МАТ=1,1)) | D73: 1 т груза | E73: 60,12 (114,4-64,3)*1,2 | F73: 4.7 | H73: 4.7 | J73: 283 | L73: 283
A74: 38 | B74: ФССЦпг03-21-01-015 | C74: Перевозка грузов автомобилями-самосвалами грузоподъемностью 10 т, работающих вне карьера, на расстояние: до 15 км I класс груза (ОП п.1.1.9Поясные коэффициенты к сметным ценам на перевозку грузов автомобильным транспортом: Свердловская область ПЗ=1,1 (ОЗП=1,1; ЭМ=1,1; ЗПМ=1,1; МАТ=1,1)) | D74: 1 т груза | E74: 60,12 (114,4-64,3)*1,2 | F74: 14.72 | H74: 14.72 | J74: 885 | L74: 885
A75: Тротуар
A76: 39 | B76: ТЕР27-04-001-04 | C76: Устройство подстилающих и выравнивающих слоев оснований из щебня | D76: 100 м3 | E76: 0,036 45*0,08/100 | F76: 4139.32 | G76: 275.77 | H76: 3829.39 | I76: 349.58 | J76: 149 | K76: 10 | L76: 138 | M76: 13 | N76: 24.19 | O76: 0.87 | P76: 20.6 | Q76: 0.74
A77: 40 | B77: ТСЦ-408-0015 | C77: Щебень из природного камня для строительных работ марка 800, фракция 20-40 мм | D77: м3 | E77: 4 45*0,08*1,1 | F77: 127.52 | J77: 510
A78: 41 | B78: ТЕР27-02-010-02 | C78: Установка бортовых камней бетонных при других видах покрытий | D78: 100 м | E78: 0,465 46,5/100 | F78: 4479.96 | G78: 906.11 | H78: 91.05 | I78: 12.38 | J78: 2083 | K78: 421 | L78: 42 | M78: 6 | N78: 76.08 | O78: 35.38 | P78: 0.68 | Q78: 0.32
A79: 42 | B79: ТСЦ-403-8023 | C79: Камни бортовые БР 100.20.8 / бетон В22,5 (М300), объем 0,016 м3/ (ГОСТ 6665-91) | D79: шт. | E79: 47 | F79: 21.76 | J79: 1023
A80: 43 | B80: ТЕР27-04-001-01 | C80: Устройство подстилающих и выравнивающих слоев оснований из песка | D80: 100 м3 | E80: 0,023 45*0,05/100 | F80: 2575.64 | G80: 177.48 | H80: 2373.76 | I80: 232.49 | J80: 59 | K80: 4 | L80: 55 | M80: 5 | N80: 15.72 | O80: 0.36 | P80: 13.88 | Q80: 0.32
A81: 44 | B81: ТСЦ-408-0122 | C81: Песок природный для строительных работ средний | D81: м3 | E81: 2,5 45*0,05*1,1 | F81: 135.61 | J81: 339
A82: 45 | B82: ТЕР27-07-005-01 Прим. | C82: Устройство покрытий из тротуарной плитки, количество плитки при укладке на 1 м2 - 4 шт. | D82: 10 м2 | E82: 4,5 45/10 | F82: 164.51 | G82: 140.7 | H82: 16.05 | I82: 1.01 | J82: 740 | K82: 633 | L82: 72 | M82: 5 | N82: 10.5 | O82: 47.25 | P82: 0.06 | Q82: 0.27
A83: 46 | B83: ТСЦ-403-0106 Прим. | C83: Плиты бетонные и цементно-песчаные для тротуаров, полов и облицовки, марки 300, толщина 70 мм | D83: м2 | E83: 45.9 | F83: 97.57 | J83: 4478
A84: Устройство пешеходной дорожки
A85: 47 | B85: ТЕР01-02-005-01 | C85: Уплотнение грунта пневматическими трамбовками, группа грунтов 1-2 | D85: 100 м3 | E85: 0,0042 4,2*0,1/100 | F85: 604.71 | G85: 150.49 | H85: 454.22 | I85: 47.48 | J85: 3 | K85: 1 | L85: 2 | N85: 12.53 | O85: 0.05 | P85: 3.04 | Q85: 0.01
A86: 48 | B86: ТЕР27-04-006-01 | C86: Устройство оснований толщиной 15 см из щебня фракции 40-70 мм при укатке каменных материалов с пределом прочности на сжатие свыше 68,6 до 98,1 МПа (свыше 700 до 1000 кгс/см2) однослойных | D86: 1000 м2 основания | E86: 0,0042 4,2/1000 | F86: 31210.59 | G86: 425.41 | H86: 4994.84 | I86: 695.53 | J86: 131 | K86: 2 | L86: 21 | M86: 3 | N86: 36.96 | O86: 0.16 | P86: 41.95 | Q86: 0.18
A87: 49 | B87: ТЕР27-04-006-04 | C87: На каждый 1 см изменения толщины слоя добавлять или исключать к расценкам 27-04-006-01, 27-04-006-02, 27-04-006-03 (Всего толщ. основания - 10см ПЗ=5 (ОЗП=5; ЭМ=5 к расх.; ЗПМ=5; МАТ=5 к расх.; ТЗ=5; ТЗМ=5)) | D87: 1000 м2 основания | E87: -0,0042 -4,2/1000 | F87: 9075.9 | H87: 1244.35 | I87: 201.3 | J87: -38 | L87: -5 | M87: -1 | P87: 12.55 | Q87: -0.05
A88: 50 | B88: ТЕР27-02-010-02 | C88: Установка бортовых камней бетонных при других видах покрытий | D88: 100 м | E88: 0,055 5,5/100 | F88: 4479.96 | G88: 906.11 | H88: 91.05 | I88: 12.38 | J88: 246 | K88: 50 | L88: 5 | M88: 1 | N88: 76.08 | O88: 4.18 | P88: 0.68 | Q88: 0.04
A89: 51 | B89: ТСЦ-403-8023 | C89: Камни бортовые БР 100.20.8 / бетон В22,5 (М300), объем 0,016 м3/ (ГОСТ 6665-91) | D89: шт. | E89: 6 | F89: 21.76 | J89: 131
A90: 52 | B90: ТЕР27-06-018-01 | C90: Устройство покрытия из черного щебня толщиной 6 см с плотностью каменных материалов 2,5-2,9 т/м3 (Поправка на толщину: всего толщ.10см ПЗ=1,7 (ОЗП=1,7; ЭМ=1,7 к расх.; ЗПМ=1,7; МАТ=1,7 к расх.; ТЗ=1,7; ТЗМ=1,7)) | D90: 1000 м2 | E90: 0,0037 3,7/1000 | F90: 103564.7 | G90: 1246.41 | H90: 7596.33 | I90: 654.08 | J90: 383 | K90: 5 | L90: 28 | M90: 2 | N90: 96.322 | O90: 0.36 | P90: 38.726 | Q90: 0.14
A91: 53 | B91: ТЕР27-06-029-01 | C91: Устройство покрытия толщиной 4 см из горячих асфальтобетонных смесей плотных мелкозернистых типа А,Б,В, плотность каменных материалов 2,5-2,9 т/м3 | D91: 1000 м2 покрытия | E91: 0,0037 3,7/1000 | F91: 69552.77 | G91: 257 | H91: 9855.42 | I91: 388.25 | J91: 257 | K91: 1 | L91: 36 | M91: 1 | N91: 20.86 | O91: 0.08 | P91: 21.69 | Q91: 0.08
A92: 54 | B92: ТЕР27-06-030-01 | C92: При изменении толщины покрытия на 0,5 см добавлять или исключать к расценке 27-06-029-01 (Поправка на толщ., всего толщ.5см ПЗ=2 (ОЗП=2; ЭМ=2 к расх.; ЗПМ=2; МАТ=2 к расх.; ТЗ=2; ТЗМ=2)) | D92: 1000 м2 покрытия | E92: 0,0037 3,7/1000 | F92: 15294.04 | G92: 9.28 | H92: 622.22 | I92: 16.54 | J92: 57 | L92: 2 | N92: 0.7 | P92: 0.94
A93: 55 | B93: ТЕР27-06-022-07 | C93: Одиночная поверхностная обработка усовершенствованных покрытий битумом с применением щебня | D93: 1000 м2 покрытия | E93: 0,0037 3,7/1000 | F93: 5815.85 | G93: 200.81 | H93: 834.34 | I93: 112.19 | J93: 22 | K93: 1 | L93: 3 | N93: 16.72 | O93: 0.06 | P93: 6.58 | Q93: 0.02
A94: Итого прямые затраты по разделу в ценах 2001г. | J94: 11954 | K94: 1128 | L94: 1780 | M94: 72 | O94: 88.75 | Q94: 4.37
A95: Итого прямые затраты по разделу с учетом коэффициентов к итогам | J95: 12275 | K95: 1352 | L95: 1877 | M95: 88 | O95: 102.07 | Q95: 5.03
A96: Накладные расходы | J96: 2023
A97: Сметная прибыль | J97: 1347
A98: Итого по разделу 3 Устройство тротуара и пешеходной дорожки | J98: 15645 | O98: 102.07 | Q98: 5.03
A99: Раздел 4. Устройство газонов
A100: 56 | B100: ТЕР47-01-046-03 | C100: Подготовка почвы для устройства партерного и обыкновенного газона с внесением растительной земли слоем 15 см механизированным способом | D100: 100 м2 | E100: 2,97 297/100 | F100: 2989.7 | G100: 392.55 | H100: 8 | I100: 0.95 | J100: 8879 | K100: 1166 | L100: 24 | M100: 3 | N100: 35.08 | O100: 104.19 | P100: 0.07 | Q100: 0.21
A101: 57 | B101: ТЕР47-01-046-05 | C101: На каждые 5 см изменения толщины слоя добавлять или исключать к расценкам с 47-01-046-01 по 47-01-046-04 | D101: 100 м2 | E101: 2,97 297/100 | F101: 924.26 | G101: 61.21 | J101: 2745 | K101: 182 | N101: 5.47 | O101: 16.25
A102: 58 | B102: ТЕР47-01-046-06 | C102: Посев газонов партерных, мавританских и обыкновенных вручную | D102: 100 м2 | E102: 2,97 297/100 | F102: 719.43 | G102: 71.34 | H102: 408.89 | I102: 49.87 | J102: 2137 | K102: 212 | L102: 1214 | M102: 148 | N102: 5.99 | O102: 17.79 | P102: 2.74 | Q102: 8.14
A103: Итого прямые затраты по разделу в ценах 2001г. | J103: 13761 | K103: 1560 | L103: 1238 | M103: 151 | O103: 138.23 | Q103: 8.35
A104: Итого прямые затраты по разделу с учетом коэффициентов к итогам | J104: 14265 | K104: 1871 | L104: 1431 | M104: 181 | O104: 158.96 | Q104: 9.6
...

Sheet 25535
A1: СОГЛАСОВАНО: | E1: ФГУП "Комбинат "Электрохимприбор" | M1: УТВЕРЖДАЮ:
G2: (наименование стройки) | M2: Зам.генерального директора
A3: _________________ | N3: Е.В. Гордеев
A4: " _____ " ________________ 2014 г. | M4: __________________
M5: "______ " __________2014 г.
H7: ЛОКАЛЬНЫЙ СМЕТНЫЙ РАСЧЕТ №25535
H8: (локальная смета)
C10: на | D10: благоустройство территории здания Мамина-Сибиряка 3 (правое крыло).
D11: Инв.№4900006 Раздел: водоотвод и гидроизоляция.
D13: Основание: Проект №24949-14-ГП, изм.№52-14
D14: Сметная стоимость строительных работ _______________________________________________________________________________________________ | J14: ___________________________58,332 | L14: тыс. руб.
D15: Средства на оплату труда _______________________________________________________________________________________________ | J15: ___________________________3,411 | L15: тыс. руб.
D16: Сметная трудоемкость _______________________________________________________________________________________________ | J16: _______________________________________________________________________________________________197,33 | L16: чел.час
D17: Материалы__________________________________________________44,726 | L17: тыс. руб.
D18: Составлен(а) в базовых ценах 2001г. в редакции 2009г.
A20: № пп | B20: Обосно- вание | C20: Наименование | D20: Ед. изм. | E20: Кол. | F20: Стоимость единицы, руб. | J20: Общая стоимость, руб. | N20: Т/з осн. раб.на ед. | O20: Т/з осн. раб. Всего | P20: Т/з мех. на ед. | Q20: Т/з мех. Всего
F21: Всего | G21: В том числе | J21: Всего | K21: В том числе
G22: Осн.З/п | H22: Эк.Маш | I22: З/пМех | K22: Осн.З/п | L22: Эк.Маш | M22: З/пМех
A23: 1 | B23: 2 | C23: 3 | D23: 4 | E23: 5 | F23: 6 | G23: 7 | H23: 8 | I23: 9 | J23: 10 | K23: 11 | L23: 12 | M23: 13 | N23: 14 | O23: 15 | P23: 16 | Q23: 17
A24: Раздел 1. Устройство водоотвода
A25: 1 | B25: ТЕР01-01-009-08 | C25: Разработка грунта в траншеях экскаватором «обратная лопата» с ковшом вместимостью 0,65 (0,5-1) м3, группа грунтов 2 | D25: 1000 м3 грунта | E25: 0,006 6/1000 | F25: 4496.6 | H25: 4496.6 | I25: 472.91 | J25: 27 | L25: 27 | M25: 3 | P25: 27.95 | Q25: 0.17
A26: 2 | B26: ТЕР27-04-001-01 | C26: Устройство подстилающих и выравнивающих слоев оснований | D26: 100 м3 | E26: 0,01 1/100 | F26: 2575.64 | G26: 177.48 | H26: 2373.76 | I26: 232.49 | J26: 26 | K26: 2 | L26: 24 | M26: 2 | N26: 15.72 | O26: 0.16 | P26: 13.88 | Q26: 0.14
A27: 3 | B27: ТСЦ-407-0028 | C27: Смесь пескоцементная | D27: м3 | E27: 1,1 1*1,1 | F27: 207.43 | J27: 228
A28: 4 | B28: ФЕР11-01-050-01 | C28: Устройство пароизоляции из полиэтиленовой пленки в один слой насухо (Поправка на кол-во слоев (2 слоя) ПЗ=2 (ОЗП=2; ЭМ=2 к расх.; ЗПМ=2; МАТ=2 к расх.; ТЗ=2; ТЗМ=2); Приведение расценок ФЕР к территориальному уровню Свердловской области (Межрегиональный сборник к-тов пересчета сметной стоимости СМР по субъектам РФ, выпуск №3) ОЗП=1,41; ЭМ=1,242; ЗПМ=1,41; МАТ=1,052) | D28: 100 м2 поверхности | E28: 0,18 18/100 | F28: 3226.61 | G28: 82.99 | H28: 4.32 | J28: 581 | K28: 15 | L28: 1 | N28: 6.9 | O28: 1.24
A29: 5 | B29: ТЕР06-01-005-01 | C29: Устройство бетонных фундаментов общего назначения объемом до 5 м3 (бетонная обойма) 14 027,20 = 68 858,32 - 102 x 537,56 | D29: 100 м3 | E29: 0,04 4/100 | F29: 14027.2 | G29: 5255.64 | H29: 4236.84 | I29: 628.66 | J29: 561 | K29: 210 | L29: 169 | M29: 25 | N29: 441.28 | O29: 17.65 | P29: 34.58 | Q29: 1.38
A30: 6 | B30: ТСЦ-401-0069 | C30: Бетон тяжелый, крупность заполнителя 20 мм, класс В25 (М350) | D30: м3 | E30: 4.08 | F30: 660.86 | J30: 2696
A31: 7 | B31: ТЕР06-01-005-08 | C31: Дополнительные затраты на устройство сложных фундаментов | D31: 100 м3 | E31: 0,04 4/100 | F31: 4364.15 | G31: 2573.81 | H31: 686.94 | I31: 82.31 | J31: 175 | K31: 103 | L31: 27 | M31: 3 | N31: 194.25 | O31: 7.77 | P31: 4.56 | Q31: 0.18
A32: 8 | B32: ТЕР27-02-010-01Прим. | C32: Установка лотков 1 157,32 = 3 353,64 - 3,9 x 563,16 | D32: 100 м бортового камня | E32: 0,415 41,5/100 | F32: 1157.32 | G32: 906.11 | H32: 91.05 | I32: 12.38 | J32: 480 | K32: 376 | L32: 38 | M32: 5 | N32: 76.08 | O32: 31.57 | P32: 0.68 | Q32: 0.28
A33: 9 | B33: П/л 11.12.2014г. лист 1 | C33: Лоток ЛВ-20.24,6.12 водоотводный полимербетонный (габаритные размеры 1000х246х120) | D33: шт. | E33: 42 | F33: 311,67 2100/1,18/5,71 | J33: 13090
A34: 10 | B34: ТЕР07-05-039-07 | C34: Устройство герметизации горизонтальных и вертикальных стыков стеновых панелей мастикой герметизирующей нетвердеющей | D34: 100 м шва | E34: 0,103 0,246*42/100 | F34: 2930.61 | G34: 257.26 | H34: 1266.84 | I34: 105.12 | J34: 302 | K34: 26 | L34: 130 | M34: 11 | N34: 20.13 | O34: 2.07 | P34: 6.73 | Q34: 0.69
A35: 11 | B35: ТЕР23-04-011-01Прим. | C35: Установка водоприемной решетки (щелевой чугунной) РВ-20.24.50 24,06 = 635,73 - 1 x 611,67 | D35: 1 шт. | E35: 3 | F35: 24.06 | G35: 15.94 | H35: 7.64 | J35: 72 | K35: 48 | L35: 23 | N35: 1.31 | O35: 3.93
A36: 12 | B36: П/л 11.12.2014г. лист 1 | C36: Решетка водоприемная РВ-20.24.50 щелевая чугунная ВЧ, кл.С250 (габаритные размеры 500х237х24) | D36: шт. | E36: 3 | F36: 121,7 820/1,18/5,71 | J36: 365
A37: Итого прямые затраты по разделу в ценах 2001г. | J37: 18603 | K37: 780 | L37: 439 | M37: 49 | O37: 64.39 | Q37: 2.84
A38: Итого прямые затраты по разделу с учетом коэффициентов к итогам | J38: 19094 | K38: 935 | L38: 506 | M38: 57 | O38: 74.05 | Q38: 3.26
A39: Накладные расходы | J39: 1251
A40: Сметная прибыль | J40: 815
A41: Итого по разделу 1 Устройство водоотвода | J41: 21160 | O41: 74.05 | Q41: 3.26
A42: Раздел 2. Устройство подпорной стенки
A43: 13 | B43: ТЕР01-02-005-01 | C43: Уплотнение грунта пневматическими трамбовками, группа грунтов 1-2 | D43: 100 м3 уплотненного грунта | E43: 0,018 18*0,1/100 | F43: 604.71 | G43: 150.49 | H43: 454.22 | I43: 47.48 | J43: 11 | K43: 3 | L43: 8 | M43: 1 | N43: 12.53 | O43: 0.23 | P43: 3.04 | Q43: 0.05
A44: 14 | B44: ТЕР27-06-018-01 | C44: Устройство покрытия из черного щебня толщиной 6 см с плотностью каменных материалов 2,5-2,9 т/м3 (Поправка на толщину: всего толщ.80мм ПЗ=1,3 (ОЗП=1,3; ЭМ=1,3 к расх.; ЗПМ=1,3; МАТ=1,3 к расх.; ТЗ=1,3; ТЗМ=1,3)) | D44: 1000 м2 | E44: 0,018 18/1000 | F44: 79196.53 | G44: 953.13 | H44: 5808.96 | I44: 500.18 | J44: 1426 | K44: 17 | L44: 105 | M44: 9 | N44: 73.658 | O44: 1.33 | P44: 29.614 | Q44: 0.53
A45: 15 | B45: ТЕР07-05-001-01 | C45: Установка блоков стен массой до 0,5 т | D45: 100 шт. | E45: 0,12 12/100 | F45: 4198.2 | G45: 650.99 | H45: 2496.51 | I45: 319.05 | J45: 504 | K45: 78 | L45: 300 | M45: 38 | N45: 52.84 | O45: 6.34 | P45: 17.53 | Q45: 2.1
A46: 16 | B46: П/л 24.09.2014г. лист 4 | C46: Блок УДБ 0,4х3,0 (h=0,58м) | D46: шт. | E46: 12 | F46: 409,53 2769/1,18/5,73 | J46: 4914
A47: 17 | B47: ФЕР08-01-005-01 | C47: Устройство боковой обмазочной изоляции стен, фундаментов из сухих смесей: толщиной слоя 2 мм 106,96 = 11 831,79 - 0,315 x 37 221,67 (Приведение расценок ФЕР к территориальному уровню Свердловской области (Межрегиональный сборник к-тов пересчета сметной стоимости СМР по субъектам РФ, выпуск №3) ОЗП=1,41; ЭМ=1,242; ЗПМ=1,41; МАТ=1,052) | D47: 100 м2 | E47: 0,43 43/100 | F47: 147.29 | G47: 122.25 | H47: 24.36 | I47: 1.85 | J47: 63 | K47: 53 | L47: 10 | M47: 1 | N47: 10.92 | O47: 4.7 | P47: 0.13 | Q47: 0.06
A48: 18 | B48: П/л 11.12.2014г. лист 5,6,7 | C48: Проникающая гидроизоляция для бетонных поверхностей "Пенетрон" (расход:0,8-1,1 кг/м2 в 2 слоя) | D48: кг | E48: 47,3 1,1*43 | F48: 42,15 284/1,18/5,71 | J48: 1994
A49: 19 | B49: ТЕР47-01-049-01Прим. | C49: Засыпка ячеек блоков УДБ 0,4х3,0 грунтом толщиной слоя насыпки 20 см 522,57 = 3 974,77 - 20 x 172,61 | D49: 100 м2 цветников | E49: 0,077 7,7/100 | F49: 522.57 | G49: 522.57 | J49: 40 | K49: 40 | N49: 46.7 | O49: 3.6
A50: 20 | B50: ТЕР47-01-049-02 | C50: На каждые 5 см толщины слоя почвы под цветники добавлять или исключать к расценке 47-01-049-01 60,65 = 923,70 - 5 x 172,61 (Поправка на глубину: всего глубина 0,4м ПЗ=4 (ОЗП=4; ЭМ=4 к расх.; ЗПМ=4; МАТ=4 к расх.; ТЗ=4; ТЗМ=4)) | D50: 100 м2 цветников | E50: 0,077 7,7/100 | F50: 242.6 | G50: 242.6 | J50: 19 | K50: 19 | N50: 21.68 | O50: 1.67
A51: 21 | B51: ТЕР47-01-053-01Прим. | C51: Укладка местного плодородного грунта в ячейки блоков при высоте настилаемого слоя до 0,1 м 139,80 = 588,12 - 3 x 149,44 | D51: 100 м2 | E51: 0,077 7,7/100 | F51: 139.8 | G51: 139.8 | J51: 11 | K51: 11 | N51: 11.64 | O51: 0.9
A52: 22 | B52: ТЕР47-01-053-02 | C52: На каждые следующие 10 см изменения высоты настилаемого слоя добавлять к расценке 47-01-053-01 38,31 = 486,63 - 3 x 149,44 | D52: 100 м2 | E52: 0,077 7,7/100 | F52: 38.31 | G52: 38.31 | J52: 3 | K52: 3 | N52: 3.19 | O52: 0.25
A53: 23 | B53: ТСЦ-407-0014 | C53: Земля растительная | D53: м3 | E53: 4,2 1,54+1,54+0,539+0,539 | F53: 155.23 | J53: 652
A54: 24 | B54: ТСЦ-414-0473 | C54: Перегной | D54: м3 | E54: 0,5 0,231+0,231 | F54: 149.44 | J54: 75
A55: Итого прямые затраты по разделу в ценах 2001г. | J55: 9712 | K55: 224 | L55: 423 | M55: 49 | O55: 19.02 | Q55: 2.74
A56: Итого прямые затраты по разделу с учетом коэффициентов к итогам | J56: 9959 | K56: 267 | L56: 489 | M56: 58 | O56: 21.87 | Q56: 3.16
A57: Накладные расходы | J57: 441
A58: Сметная прибыль | J58: 299
A59: Итого по разделу 2 Устройство подпорной стенки | J59: 10699 | O59: 21.87 | Q59: 3.16
A60: Раздел 3. Отмостка
A61: Разборка
A62: 25 | B62: ТЕР46-04-002-01Прим. | C62: Разборка бетонной отмостки | D62: 1 м3 | E62: 4 40*0,1 | F62: 655.19 | G62: 137.4 | H62: 517.79 | I62: 47.95 | J62: 2621 | K62: 550 | L62: 2071 | M62: 192 | N62: 11.01 | O62: 44.04 | P62: 3.07 | Q62: 12.28
A63: 26 | B63: ФССЦпг01-01-01-041 | C63: Погрузочные работы при автомобильных перевозках: мусора строительного с погрузкой вручную (ОП п.1.1.9 Прил.1Поясной коэффициент:Свердловская область ПЗ=1,1 (ОЗП=1,1; ЭМ=1,1; ЗПМ=1,1; МАТ=1,1)) | D63: 1 т груза | E63: 9,6 4*2,4 | F63: 47.28 | G63: 47.28 | J63: 454 | K63: 454
A64: 27 | B64: ФССЦпг03-21-01-015 | C64: Перевозка грузов автомобилями-самосвалами грузоподъемностью 10 т, работающих вне карьера, на расстояние: до 15 км I класс груза (ОП п.1.1.9Поясные коэффициенты к сметным ценам на перевозку грузов автомобильным транспортом: Свердловская область ПЗ=1,1 (ОЗП=1,1; ЭМ=1,1; ЗПМ=1,1; МАТ=1,1)) | D64: 1 т груза | E64: 9,6 4*2,4 | F64: 14.72 | H64: 14.72 | J64: 141 | L64: 141
A65: Устройство
A66: 28 | B66: ТЕР01-02-005-01 | C66: Уплотнение грунта пневматическими трамбовками, группа грунтов 1-2 | D66: 100 м3 | E66: 0,072 72*0,1/100 | F66: 604.71 | G66: 150.49 | H66: 454.22 | I66: 47.48 | J66: 44 | K66: 11 | L66: 33 | M66: 3 | N66: 12.53 | O66: 0.9 | P66: 3.04 | Q66: 0.22
A67: 29 | B67: ТЕР27-06-018-01 | C67: Устройство покрытия из черного щебня толщиной 6 см с плотностью каменных материалов 2,5-2,9 т/м3 (Поправка на толщину: всего толщ.8см ПЗ=1,3 (ОЗП=1,3; ЭМ=1,3 к расх.; ЗПМ=1,3; МАТ=1,3 к расх.; ТЗ=1,3; ТЗМ=1,3)) | D67: 1000 м2 | E67: 0,072 72/1000 | F67: 79196.53 | G67: 953.13 | H67: 5808.96 | I67: 500.18 | J67: 5702 | K67: 69 | L67: 418 | M67: 36 | N67: 73.658 | O67: 5.3 | P67: 29.614 | Q67: 2.13
A68: 30 | B68: ТЕР06-01-001-01 | C68: Устройство бетонной подготовки 9 627,53 = 64 980,89 - 102 x 542,68 | D68: 100 м3 | E68: 0,094 9,4/100 | F68: 9627.53 | G68: 1978.2 | H68: 4648.35 | I68: 327.6 | J68: 905 | K68: 186 | L68: 437 | M68: 31 | N68: 180 | O68: 16.92 | P68: 18 | Q68: 1.69
A69: 31 | B69: ТСЦ-401-0063 | C69: Бетон тяжелый, крупность заполнителя 20 мм, класс В7,5 (М100) | D69: м3 | E69: 9.588 | F69: 562.22 | J69: 5391
A70: 32 | B70: ФЕР08-01-005-01 | C70: Устройство боковой обмазочной изоляции стен, фундаментов из сухих смесей: толщиной слоя 2 мм 106,96 = 11 831,79 - 0,315 x 37 221,67 (Приведение расценок ФЕР к территориальному уровню Свердловской области (Межрегиональный сборник к-тов пересчета сметной стоимости СМР по субъектам РФ, выпуск №3) ОЗП=1,41; ЭМ=1,242; ЗПМ=1,41; МАТ=1,052) | D70: 100 м2 | E70: 0,71 71/100 | F70: 147.29 | G70: 122.25 | H70: 24.36 | I70: 1.85 | J70: 105 | K70: 87 | L70: 17 | M70: 1 | N70: 10.92 | O70: 7.75 | P70: 0.13 | Q70: 0.09
A71: 33 | B71: П/л 11.12.2014г. лист 5,6,7 | C71: Проникающая гидроизоляция для бетонных поверхностей "Пенетрон" (расход:0,8-1,1 кг/м2 в 2 слоя) | D71: кг | E71: 78,1 1,1*71 | F71: 42,15 284/1,18/5,71 | J71: 3292
A72: Итого прямые затраты по разделу в ценах 2001г. | J72: 18655 | K72: 1357 | L72: 3117 | M72: 263 | O72: 74.91 | Q72: 16.41
A73: Итого прямые затраты по разделу с учетом коэффициентов к итогам | J73: 19382 | K73: 1558 | L73: 3577 | M73: 315 | O73: 86.16 | Q73: 18.86
A74: Накладные расходы | J74: 1576
A75: Сметная прибыль | J75: 1006
A76: Итого по разделу 3 Отмостка | J76: 21964 | O76: 86.16 | Q76: 18.86
A77: Раздел 4. Устройство крыльца запасного входа
A78: 34 | B78: ТЕР01-02-005-01 | C78: Уплотнение грунта пневматическими трамбовками, группа грунтов 1-2 | D78: 100 м3 | E78: 0,005 5,3*0,1/100 | F78: 604.71 | G78: 150.49 | H78: 454.22 | I78: 47.48 | J78: 3 | K78: 1 | L78: 2 | N78: 12.53 | O78: 0.06 | P78: 3.04 | Q78: 0.02
A79: 35 | B79: ТЕР27-06-018-01 | C79: Устройство покрытия из черного щебня толщиной 6 см с плотностью каменных материалов 2,5-2,9 т/м3 (Поправка на толщину: всего толщ.8см ПЗ=1,3 (ОЗП=1,3; ЭМ=1,3 к расх.; ЗПМ=1,3; МАТ=1,3 к расх.; ТЗ=1,3; ТЗМ=1,3)) | D79: 1000 м2 | E79: 0,0053 5,3/1000 | F79: 79196.53 | G79: 953.13 | H79: 5808.96 | I79: 500.18 | J79: 420 | K79: 5 | L79: 31 | M79: 3 | N79: 73.658 | O79: 0.39 | P79: 29.614 | Q79: 0.16
A80: 36 | B80: ТЕР06-01-001-01 | C80: Устройство бетонной подготовки 9 627,53 = 64 980,89 - 102 x 542,68 | D80: 100 м3 | E80: 0,003 (5,3*0,05)/100 | F80: 9627.53 | G80: 1978.2 | H80: 4648.35 | I80: 327.6 | J80: 29 | K80: 6 | L80: 14 | M80: 1 | N80: 180 | O80: 0.54 | P80: 18 | Q80: 0.05
A81: 37 | B81: ТСЦ-401-0063 | C81: Бетон тяжелый, крупность заполнителя 20 мм, класс В7,5 (М100) | D81: м3 | E81: 0.306 | F81: 562.22 | J81: 172
A82: 38 | B82: ТЕР08-01-003-03 Прим. | C82: Гидроизоляция основания (2 слоя) | D82: 100 м2 | E82: 0,053 5,3/100 | F82: 4988.12 | G82: 241.4 | H82: 220.12 | J82: 264 | K82: 13 | L82: 12 | N82: 20.1 | O82: 1.07
A83: 39 | B83: ТЕР07-05-001-01 | C83: Установка блоков стен массой до 0,5 т | D83: 100 шт. | E83: 0,04 4/100 | F83: 4198.2 | G83: 650.99 | H83: 2496.51 | I83: 319.05 | J83: 168 | K83: 26 | L83: 100 | M83: 13 | N83: 52.84 | O83: 2.11 | P83: 17.53 | Q83: 0.7
A84: 40 | B84: П/л 24.09.2014г. лист 3 | C84: Блок УДБ 0,4х2,4 (ГОСТ 13015.0-83) | D84: шт. | E84: 4 | F84: 340,17 2300/1,18/5,73 | J84: 1361
A85: 41 | B85: ФЕР08-01-005-01 | C85: Устройство боковой обмазочной изоляции стен, фундаментов из сухих смесей типа: толщиной слоя 2 мм 106,96 = 11 831,79 - 0,315 x 37 221,67 (Приведение расценок ФЕР к территориальному уровню Свердловской области (Межрегиональный сборник к-тов пересчета сметной стоимости СМР по субъектам РФ, выпуск №3) ОЗП=1,41; ЭМ=1,242; ЗПМ=1,41; МАТ=1,052) | D85: 100 м2 | E85: 0,13 13/100 | F85: 147.29 | G85: 122.25 | H85: 24.36 | I85: 1.85 | J85: 19 | K85: 16 | L85: 3 | N85: 10.92 | O85: 1.42 | P85: 0.13 | Q85: 0.02
A86: 42 | B86: П/л 11.12.2014г. лист 5,6,7 | C86: Проникающая гидроизоляция для бетонных поверхностей "Пенетрон" (расход:0,8-1,1 кг/м2 в 2 слоя) | D86: кг | E86: 14,3 1,1*13 | F86: 42,15 284/1,18/5,71 | J86: 603
A87: 43 | B87: ТЕР06-01-015-07 | C87: Установка закладных деталей весом до 4 кг 2 800,23 = 9 942,61 - 1 x 7 142,38 | D87: 1 т | E87: 0,011 (1,4*3*2,42+5*0,2*3*0,395)/1000 | F87: 2800.23 | G87: 2758.18 | H87: 42.05 | I87: 2.73 | J87: 31 | K87: 31 | N87: 215.82 | O87: 2.37 | P87: 0.15
A88: 44 | B88: ТСЦ-101-2803 | C88: Сталь угловая равнополочная, марка стали Ст3пс5, размером 40х40х4 мм | D88: т | E88: 0,01 (1,4*3*2,42)/1000 | F88: 6415.24 | J88: 64
A89: 45 | B89: ТСЦ-204-0002 | C89: Горячекатаная арматурная сталь гладкая класса А-I, диаметром 8 мм | D89: т | E89: 0,001 (5*0,2*3*0,395)/1000 | F89: 4637.68 | J89: 5
A90: 46 | B90: ТЕР06-01-001-02 Прим. | C90: Устройство бетонного крыльца 20 145,69 = 74 976,81 - 102 x 537,56 | D90: 100 м3 | E90: 0,007 0,7/100 | F90: 20145.69 | G90: 6431.36 | H90: 7316.16 | I90: 517.95 | J90: 141 | K90: 45 | L90: 51 | M90: 4 | N90: 535.5 | O90: 3.75 | P90: 28.49 | Q90: 0.2
A91: 47 | B91: ТСЦ-401-0068 | C91: Бетон тяжелый, крупность заполнителя 20 мм, класс В22,5 (М300) | D91: м3 | E91: 0.714 | F91: 660.86 | J91: 472
A92: 48 | B92: ТЕР47-01-049-01Прим. | C92: Засыпка ячеек блоков УДБ 0,4х2,4 грунтом толщиной слоя насыпки 20 см 522,57 = 3 974,77 - 20 x 172,61 | D92: 100 м2 цветников | E92: 0,01 1/100 | F92: 522.57 | G92: 522.57 | J92: 5 | K92: 5 | N92: 46.7 | O92: 0.47
A93: 49 | B93: ТЕР47-01-049-02 | C93: На каждые 5 см толщины слоя почвы под цветники добавлять или исключать к расценке 47-01-049-01 60,65 = 923,70 - 5 x 172,61 (Поправка на глубину: всего глубина 1м ПЗ=16 (ОЗП=16; ЭМ=16 к расх.; ЗПМ=16; МАТ=16 к расх.; ТЗ=16; ТЗМ=16)) | D93: 100 м2 цветников | E93: 0,01 1/100 | F93: 970.4 | G93: 970.4 | J93: 10 | K93: 10 | N93: 86.72 | O93: 0.87
A94: 50 | B94: ТЕР47-01-053-01Прим. | C94: Укладка местного плодородного грунта в ячейки блоков при высоте настилаемого слоя до 0,1 м 139,80 = 588,12 - 3 x 149,44 | D94: 100 м2 | E94: 0,01 1/100 | F94: 139.8 | G94: 139.8 | J94: 1 | K94: 1 | N94: 11.64 | O94: 0.12
A95: 51 | B95: ТЕР47-01-053-02 | C95: На каждые следующие 10 см изменения высоты настилаемого слоя добавлять к расценке 47-01-053-01 38,31 = 486,63 - 3 x 149,44 | D95: 100 м2 | E95: 0,01 1/100 | F95: 38.31 | G95: 38.31 | N95: 3.19 | O95: 0.03
A96: 52 | B96: ТСЦ-407-0014 | C96: Земля растительная | D96: м3 | E96: 1,14 0,2+0,8+0,07+0,07 | F96: 155.23 | J96: 177
A97: 53 | B97: ТСЦ-414-0473 | C97: Перегной | D97: м3 | E97: 0,06 0,03*2 | F97: 149.44 | J97: 9
A98: 54 | B98: ТЕР47-01-046-06 | C98: Посев газонов партерных, мавританских и обыкновенных вручную | D98: 100 м2 | E98: 0,01 1/100 | F98: 719.43 | G98: 71.34 | H98: 408.89 | I98: 49.87 | J98: 7 | K98: 1 | L98: 4 | N98: 5.99 | O98: 0.06 | P98: 2.74 | Q98: 0.03
A99: Итого прямые затраты по разделу в ценах 2001г. | J99: 3961 | K99: 160 | L99: 217 | M99: 21 | O99: 13.26 | Q99: 1.18
A100: Итого прямые затраты по разделу с учетом коэффициентов к итогам | J100: 4067 | K100: 193 | L100: 251 | M100: 25 | O100: 15.25 | Q100: 1.35
A101: Накладные расходы | J101: 264
A102: Сметная прибыль | J102: 172
A103: Итого по разделу 4 Устройство крыльца запасного входа | J103: 4503 | O103: 15.25 | Q103: 1.35
A104: ИТОГИ ПО СМЕТЕ:
...
